Map: Hard Lead LE

Players

JMONEYMAGIC

  • Race: Zerg Zerg
  • League: Master
  • Spawn Location: 5:00

llllllllllll - Winner!

  • Race: Protoss Protoss
  • League: Grandmaster
  • Spawn Location: 11:00

VOD

Have the link to the VOD?

Description

Time

  • Played on: Dec. 9, 2023, 10:56 p.m.
  • Length: 11:37
Show
View Real Time Build Order
Export as new Build Order

JMONEYMAGIC Zerg 

Build Orders: Hatch First, Roach Hydra 

Get SALT Encoding   

  12  0:00  Drone  
  13  0:12  Overlord  
  13  0:16  Drone  
  14  0:32  Drone x2  
  16  0:48  Hatchery  
  15  0:51  Drone  
  15  0:55  Drone  
  17  0:58  Drone  
  18  1:08  Extractor  
  17  1:13  Spawning Pool  
  17  1:15  Drone  
  17  1:19  Drone  
  18  1:32  Drone  
  19  1:38  Drone  
  20  1:50  Drone  
  21  2:01  Zergling x4  
  23  2:02  Queen x2  
  27  2:18  Metabolic Boost  
  27  2:22  Hatchery  
  26  2:26  Overlord  
  26  2:30  Drone  
  26  2:32  Drone  
  28  2:45  Drone  
  28  2:46  Drone x2  
  28  2:47  Queen  
  33  2:52  Overlord  
  33  2:59  Drone x3  
  36  3:13  Drone x4  
  36  3:19  Queen  
  42  3:20  Overlord  
  42  3:26  Queen  
  44  3:35  Zergling x4  
  44  3:38  Drone x3  
  49  3:44  Queen  
  49  3:45  Drone x4  
  49  3:47  Drone  
  56  3:51  Overlord  
  56  3:55  Evolution Chamber  
  55  4:07  Overlord  
  55  4:11  Drone  
  55  4:12  Drone x2  
  58  4:17  Hatchery  
  58  4:18  Overlord, Drone  
  58  4:22  Zerg Melee Weapons Level 1  
  54  4:40  Drone x14  
  54  4:44  Spore Crawler  
  65  4:50  Lair  
  65  4:52  Drone  
  66  4:56  Overlord  
  66  5:03  Overlord  
  66  5:07  Baneling Nest  
  66  5:13  Drone  
  66  5:17  Drone x8  
  66  5:20  Extractor  
  66  5:21  Extractor, Drone x7  
  80  5:22  Extractor  
  80  5:23  Overlord  
  80  5:26  Drone  
  79  5:33  Drone  
  79  5:34  Drone  
  81  5:36  Roach Warren  
  80  5:49  Centrifugal Hooks  
  80  5:51  Overlord  
  80  5:52  Drone x9  
  88  5:57  Hydralisk Den  
  84  6:07  Drone x2  
  85  6:14  Drone x3  
  85  6:15  Spore Crawler, Zergling x16, Drone x2  
  85  6:16  Grooved Spines, Zergling x2  
  85  6:18  Glial Reconstitution  
  97  6:19  Zergling x2  
  94  6:31  Hatchery  
  90  6:33  Drone x6  
  90  6:34  Drone x4  
  100  6:40  Zerg Melee Weapons Level 2  
  100  6:41  Overlord  
  100  6:49  Extractor  
  99  6:57  Spore Crawler  
  98  7:06  Zergling x14  
  98  7:07  Zergling x12  
  111  7:09  Overlord x2  
  111  7:19  Overlord x2  
  111  7:20  Overlord  
  111  7:21  Muscular Augments  
  111  7:24  Infestation Pit  
  111  7:28  Zergling x26  
  123  7:35  Hydralisk x2  
  127  7:39  Drone  
  127  7:40  Drone x5  
  133  7:45  Extractor, Hatchery  
  133  7:49  Zergling x10  
  120  8:11  Roach  
  120  8:12  Roach x17  
  145  8:16  Hydralisk x4  
  151  8:21  Queen  
  151  8:22  Queen  
  151  8:24  Hydralisk  
  151  8:26  Overlord  
  151  8:27  Overlord x8  
  157  8:35  Overlord  
  157  8:38  Overlord  
  157  8:39  Hive  
  157  8:43  Lurker Den  
  157  8:44  Roach  
  156  8:52  Zergling x34  
  171  9:07  Hydralisk  
  171  9:08  Hydralisk x2  
  171  9:09  Hydralisk x6  
  189  9:14  Pneumatized Carapace  
  189  9:34  Zerg Missile Weapons Level 1  
  189  9:38  Zergling x24, Hatchery  
  199  9:55  Baneling x12  
  199  9:56  Baneling  
  181  10:14  Hydralisk x11  
  163  10:17  Zergling x30  
  200  10:24  Seismic Spines  
  198  10:33  Drone x2  
  198  10:34  Drone  
  199  10:41  Overlord x3  
  199  10:55  Drone  
  200  11:09  Hydralisk  
  173  11:12  Baneling x8  
  173  11:13  Lurker  
  165  11:20  Lurker  
  165  11:25  Extractor x2, Lurker  
Show
View Real Time Build Order
Export as new Build Order

llllllllllll Protoss - Winner!

Build Orders: 1 Gate Expand, Oracle Opening 

Get SALT Encoding   

  12  0:00  Probe  
  13  0:12  Probe  
  14  0:18  Pylon  
  14  0:24  Probe  
  15  0:37  Probe (Chrono Boost)  
  15  0:42  Gateway  
  16  0:49  Probe (Chrono Boost), Assimilator  
  18  0:57  Probe (Chrono Boost)  
  18  1:03  Probe (Chrono Boost)  
  19  1:15  Probe (Chrono Boost)  
  20  1:23  Probe (Chrono Boost)  
  21  1:32  Nexus  
  21  1:38  Cybernetics Core  
  21  1:44  Assimilator  
  21  1:47  Probe  
  22  1:55  Pylon  
  22  2:00  Probe  
  23  2:13  Probe, Adept (Chrono Boost)  
  26  2:25  Probe, Stargate  
  27  2:32  Warp Gate  
  27  2:35  Adept  
  29  2:39  Probe (Chrono Boost)  
  30  2:44  Probe (Chrono Boost)  
  32  2:54  Probe x2 (Chrono Boost)  
  33  2:59  Probe (Chrono Boost)  
  33  3:01  Probe  
  33  3:05  Adept  
  37  3:10  Probe  
  42  3:13  Probe  
  42  3:14  Void Ray (Chrono Boost)  
  42  3:18  Pylon  
  43  3:23  Probe  
  43  3:25  Probe, Gateway  
  45  3:35  Probe  
  45  3:37  Probe  
  45  3:41  Pylon  
  47  3:43  Oracle (Chrono Boost)  
  47  3:47  Probe  
  51  3:50  Probe  
  52  3:59  Probe  
  52  4:02  Nexus  
  53  4:04  Probe  
  54  4:11  Probe  
  54  4:16  Probe, Forge  
  56  4:17  Twilight Council  
  56  4:21  Assimilator  
  56  4:22  Assimilator  
  56  4:23  Probe  
  57  4:31  Probe  
  57  4:35  Probe, Blink  
  59  4:43  Probe, Gateway  
  59  4:44  Gateway  
  60  4:47  Probe  
  60  4:48  Protoss Ground Weapons Level 1 (Chrono Boost)  
  61  4:54  Robotics Facility  
  61  4:56  Probe  
  62  5:13  Probe x2  
  64  5:14  Pylon  
  64  5:16  Pylon  
  64  5:18  Probe  
  65  5:25  Probe x2  
  65  5:26  Stalker x2  
  71  5:30  Probe  
  71  5:32  Assimilator  
  71  5:35  Assimilator, Shield Battery  
  72  5:37  Probe x2, Photon Cannon  
  72  5:42  Probe  
  75  5:49  Probe x2  
  81  5:54  Probe  
  81  5:55  Robotics Bay  
  78  5:57  Robotics Facility  
  78  6:02  Probe  
  77  6:13  Probe x2  
  77  6:14  Probe  
  78  6:25  Probe  
  79  6:27  Stalker x4, Protoss Ground Weapons Level 2 (Chrono Boost)  
  79  6:32  Pylon  
  87  6:33  Pylon  
  87  6:35  Pylon  
  87  6:38  Gateway  
  87  6:39  Gateway  
  84  6:45  Colossus (Chrono Boost)  
  84  6:47  Colossus (Chrono Boost)  
  84  6:50  Nexus  
  84  6:51  Pylon  
  84  6:54  Pylon  
  96  6:55  Pylon  
  96  6:56  Pylon  
  96  6:57  Extended Thermal Lance  
  96  7:01  Pylon  
  96  7:07  Shield Battery  
  96  7:15  Shield Battery  
  96  7:16  Photon Cannon  
  96  7:28  Colossus (Chrono Boost)  
  96  7:31  Colossus (Chrono Boost)  
  96  7:34  Charge  
  108  7:37  Stalker x6  
  120  7:51  Templar Archives  
  116  8:11  Stalker x6  
  118  8:28  Gateway  
  118  8:29  Colossus x2 (Chrono Boost)  
  118  8:30  Gateway  
  130  8:37  Stalker x4  
  130  8:38  Zealot x2  
  130  8:40  Protoss Ground Weapons Level 3 (Chrono Boost)  
  142  9:02  Zealot x2  
  142  9:03  Zealot x4  
  142  9:08  Probe  
  142  9:09  Probe x3  
  158  9:13  Assimilator  
  158  9:16  Assimilator  
  158  9:19  Pylon, Psionic Storm, Gateway  
  158  9:22  Gateway  
  158  9:25  High Templar  
  158  9:26  High Templar x2  
  158  9:27  High Templar, Zealot x3  
  158  9:30  Archon  
  172  9:31  Archon  
  172  9:50  Zealot x4  
  180  9:57  Gateway  
  180  9:58  Nexus  
  180  9:59  Pylon, Gateway  
  180  10:13  High Templar x2  
  180  10:14  High Templar x2, Zealot x3  
  174  10:20  Pylon  
  180  10:22  Pylon  
  180  10:24  Pylon  
  180  10:26  Pylon  
  180  10:28  Pylon, Photon Cannon  
  180  10:29  Shield Battery  
  180  10:30  Observer  
  180  10:31  Observer  
  172  10:36  High Templar x2  
  172  10:37  Zealot x4  
  172  10:42  Archon  
  184  10:54  High Templar x2  
  184  10:55  Stalker x4  
  196  10:57  Zealot x2  
  196  10:58  Archon  
  200  11:08  Stalker  
  194  11:12  Stalker x3  
  194  11:17  Zealot  
  194  11:18  Zealot  
  200  11:19  Zealot  
  186  11:31  Zealot x5  
  186  11:32  Zealot  
Tags
 
Add a new tag
Caveats
  • Supply blocks, unpowered buildings, or Contaminate may cause inaccurate times.
  • Supply counts are checked every 10 seconds.